 Dungeon Crawl Stone Soup version 0.28-a0-751-gef3a642a4e (webtiles) character file.

Game seed: 14672208215760335956

452 croobank the Digger (level 7, -12/39 HPs)
             Began as a Gargoyle Earth Elementalist on Oct 30, 2021.
             Was an Initiate of Vehumet.
             Mangled by Duvessa (18 damage)
             ... on level 4 of the Dungeon.
             The game lasted 00:48:48 (4059 turns).

croobank the Digger (Gargoyle Earth Elementalist)   Turns: 4059, Time: 00:48:55

Health: -12/39     AC: 14    Str: 12    XL:     7   Next: 5%
Magic:  11/11      EV:  5    Int: 17    God:    Vehumet [......]
Gold:   143        SH:  0    Dex: 10    Spells: 9/12 levels left

rFire   . . .      SeeInvis .   j - +0 quarterstaff
rCold   . . .      Faith    .   (shield currently unavailable)
rNeg    + . .      Spirit   .   o - +1 chain mail
rPois   ∞          Reflect  .   (no helmet)
rElec   +          Harm     .   (no cloak)
rCorr   .          Rampage  .   (no gloves)
Will    .....                   (no boots)
Stlth   ..........              (no amulet)
HPRegen 0.13/turn               e - +4 ring of slaying
MPRegen 0.12/turn               (no ring)

@: about to teleport
A: sickness immunity, AC +4, negative energy resistance 1, electricity
resistance, torment resistance 1, petrification resistance
a: Renounce Religion


You were on level 4 of the Dungeon.
You worshipped Vehumet.
Vehumet was noncommittal.
You visited 1 branch of the dungeon, and saw 4 of its levels.

You collected 143 gold pieces.

Inventory:

Hand Weapons
 d - a +0 scythe
 g - a +0 dagger
 j - a +0 quarterstaff (weapon)
 n - a +0 long sword
 s - a +0 short sword
Missiles
 c - 56 stones (quivered)
 l - 8 poisoned darts
Armour
 a - a +0 ring mail
 b - a +0 robe
 o - a +1 chain mail (worn)
Magical Staves
 h - a staff of poison
Jewellery
 e - a +4 ring of slaying (left hand)
Scrolls
 f - a scroll of magic mapping
 m - 2 scrolls of amnesia
 r - a scroll of immolation {unknown}


   Skills:
 + Level 1.6 Fighting
 + Level 3.5 Staves
 + Level 2.0 Throwing
 + Level 2.4 Armour
 + Level 1.8 Dodging
 + Level 2.8 Stealth
 + Level 3.0 Spellcasting
 + Level 0.7 Transmutations
 + Level 5.0 Earth Magic


You had 9 spell levels left.
You knew the following spells:

 Your Spells              Type           Power      Damage    Failure   Level
a - Sandblast             Erth           38%        2d10      65%         1
b - Passwall              Tmut/Erth      10%        N/A       97%         2

Your spell library contained the following spells:

 Spells                   Type           Power      Damage    Failure   Level
 Animate Skeleton         Necr           4%         N/A       100%        1
 Apportation              Tloc           4%         N/A       100%        1
 Pain                     Necr           8%         1d4       100%        1
 Summon Small Mammal      Summ           8%         N/A       100%        1
 Static Discharge         Conj/Air       2%         N/A       100%        2
 Stone Arrow              Conj/Erth      22%        3d8       100%        3
 Vampiric Draining        Necr           1%         2d6       100%        3
 Dispel Undead            Necr           2%         3d7       100%        4
 Petrify                  Tmut/Erth      12%        N/A       100%        4
 Sticky Flame             Conj/Fire      2%         2d3       100%        4
 Agony                    Necr           2%         N/A       100%        5
 Excruciating Wounds      Necr           1%         N/A       100%        5


Dungeon Overview and Level Annotations

Branches:
Dungeon (4/15)
 Temple: D:4-7

Altars:
Qazlal
Trog
Vehumet
The Shining One

Shops:
D:2 =

Annotations:
D:3 Grinder
D:4 Duvessa


Innate Abilities, Weirdness & Mutations

You are immune to sickness and miasma.
Your stone body is resilient. (AC +4)
You are immune to poison.
You resist negative energy. (rN+)
You are resistant to electric shocks. (rElec)
You are resistant to unholy torment.
You are immune to petrification.


Message History

You see here a +0 pair of boots.
You hit the adder zombie.
The adder zombie is heavily damaged.
You hear a shout!
The hound zombie bites you but does no damage.
The adder zombie bites you but does no damage.
The hound zombie bites you but does no damage.
Okay, then.
You barely miss Duvessa.
Duvessa hits you with a +3 short sword of venom.
The adder zombie barely misses you.
The hound zombie bites you but does no damage.
Duvessa barely misses you.
The adder zombie bites you but does no damage.
You barely miss Duvessa. The hound zombie closely misses you.
Duvessa hits you with a +3 short sword of venom!
The adder zombie bites you but does no damage.
The hound zombie bites you but does no damage.
Duvessa hits you with a +3 short sword of venom!!
* * * LOW HITPOINT WARNING * * *
As you read the scroll labelled JISOVU LUELO, it crumbles to dust.
It is a scroll of enchant armour.
Your +0 chain mail glows green for a moment.
The hound zombie bites you but does no damage.
The adder zombie bites you but does no damage.
Duvessa barely misses you.
An adder skeleton comes into view.
Casting: Sandblast (safe; 65% risk of failure)
Confirm with . or Enter, or press ? or * to list all spells.
Okay, then.
Press: ? - help, v - describe, . - travel, g - get item Item here: a +0 pair of boots.
The floor.
As you read the scroll labelled TAXENIN LYKYE, it crumbles to dust.
You feel strangely unstable.
It was a scroll of teleportation.
Duvessa hits you but does no damage.
The hound zombie bites you but does no damage.
The adder zombie bites you but does no damage.
Duvessa hits you with a +3 short sword of venom!!
You die...

...........###...##
.#.. .........###
#....#.# ##
.........# ##.....#
..#......# #[....#
##.....# #.....#
#.....### .####....
#....Z..#..# #...#
##..ZZ....# .P..
#..@e#(..# ...
#...##....# ..
#....#..Z..Z #....#
.... ....... ..8
#....... ...#####.
... .. ##..........


You could see Duvessa (berserk), an adder zombie, a hound zombie and an adder
skeleton.

Vanquished Creatures
  Sigmund (D:3)
  Dowan (D:4)
  A hound (D:3)
  Ijyb (D:3)
  A hound skeleton (D:4)
  4 gnolls (D:3)
  4 adders
  2 adder zombies (D:4)
  3 worms
  A dart slug (D:2)
  4 orcs
  4 bats
  9 endoplasms
  6 giant cockroaches
  6 goblins
  6 hobgoblins
  9 quokkas
  5 ball pythons
  2 frilled lizards
  8 kobolds
  A rat (D:2)
79 creatures vanquished.

Vanquished Creatures (others)
  4 plants (D:3)
4 creatures vanquished.

Grand Total: 83 creatures vanquished

Notes
Turn   | Place    | Note
-------+----------+-------------------------------------------
     0 | D:1      | croobank the Gargoyle Earth Elementalist began the quest
                  | for the Orb.
     0 | D:1      | Reached XP level 1. HP: 10/10 MP: 3/3
   380 | D:1      | Reached XP level 2. HP: 15/15 MP: 3/5
   442 | D:1      | Reached skill level 4 in Earth Magic
   883 | D:1      | Reached XP level 3. HP: 19/19 MP: 3/6
   936 | D:1      | Found a stormy altar of Qazlal.
  1560 | D:2      | Found Kitoulea's Jewellery Boutique.
  1714 | D:2      | Reached XP level 4. HP: 24/24 MP: 7/7
  1719 | D:2      | Learned a level 2 spell: Passwall
  1914 | D:2      | Reached skill level 1 in Staves
  2612 | D:3      | Found a glowing drain.
  2632 | D:3      | Reached skill level 1 in Armour
  2671 | D:3      | Reached XP level 5. HP: 28/28 MP: 6/9
  2833 | D:3      | Found a faded altar of an unknown god.
  2833 | D:3      | Found a faded altar of an unknown god.
  2841 | D:3      | Found a bloodstained altar of Trog.
  2843 | D:3      | Found a glowing golden altar of the Shining One.
  2844 | D:3      | Found a radiant altar of Vehumet.
  2848 | D:3      | Became a worshipper of Vehumet
  2884 | D:3      | Noticed Ijyb
  2896 | D:3      | Paralysed by Ijyb for 7 turns
  2907 | D:3      | Killed Ijyb
  3125 | D:3      | Noticed Sigmund
  3171 | D:3      | Killed Sigmund
  3172 | D:3      | Reached skill level 1 in Fighting
  3172 | D:3      | Reached skill level 1 in Throwing
  3172 | D:3      | Reached skill level 5 in Earth Magic
  3172 | D:3      | Reached XP level 6. HP: 29/34 MP: 7/10
  3777 | D:3      | Noticed Grinder
  3793 | D:3      | Paralysed by Grinder for 5 turns
  3849 | D:4      | Noticed Dowan
  3883 | D:4      | Killed Dowan
  3884 | D:4      | Reached XP level 7. HP: 23/39 MP: 11/11
  4051 | D:4      | Noticed Duvessa
  4059 | D:4      | Mangled by Duvessa

Illustrated notes

Levels and vault maps discovered:
D:1:      sevenhm_arrival_forest_fort_small_6, layout_basic,
          corexii_hall_statues_i, kennysheep_flooded_box
D:2:      layout_basic, serial_shops, shop_fountains, hex_large, dk_vineyard_3,
          lightli_corner_chamber
D:3:      layout_loops_ring, chequers_temple_overflow_minitemple,
          portal_sewer_entry_f, serial_bayou_pond_a, uniq_ijyb, uniq_sigmund,
          uniq_grinder
D:4:      layout_layer_cave, minmay_temple_entry_grid, serial_undead,
          serial_undead_c, serial_undead_f, serial_undead_f, serial_undead_f,
          serial_undead_f, serial_undead_a, serial_undead_c, uniq_natasha,
          uniq_duvessa, uniq_pargi, uniq_menkaure

Skill      XL: |  1  2  3  4  5  6 |
---------------+-------------------+-----
Earth Magic    | 4 5 |  5.0
Staves         | 1 3 |  3.5
Armour         | 1 2 |  2.4
Fighting       | 1 |  1.6
Throwing       | 1 2 |  2.0
Spellcasting   | 3 |  3.0
Dodging        | |  1.8
Stealth        | |  2.8
Transmutations | |  0.7

Action                   |  1- 3 |  4- 6 |  7- 9 || total
-------------------------+-------+-------+-------++-------
Melee: Unarmed           |    22 |       |       ||    22
       Dagger            |    16 |       |       ||    16
       Quarterstaff      |    22 |   136 |     4 ||   162
Throw: Dart              |       |    12 |       ||    12
       Stone             |       |    22 |     1 ||    23
       Boomerang         |       |     3 |       ||     3
 Cast: Sandblast         |    37 |     7 |       ||    44
       Passwall          |       |     1 |       ||     1
  Use: Scroll            |     1 |     3 |     2 ||     6
       Potion            |       |     4 |       ||     4
Armor: Ring mail         |    31 |     3 |       ||    34
       Chain mail        |       |    93 |    14 ||   107
       Skin              |       |     7 |       ||     7
Dodge: Dodged            |    32 |    43 |     4 ||    79

Table legend: (Time is in decaauts)
 A = Elapsed time spent in this place.
 B = Non-inter-level travel time spent in this place.
 C = Inter-level travel time spent in this place.
 D = Time resting spent in this place.
 E = Time spent auto-exploring this place.
 F = Levels seen in this place.
 G = Mean time per level.
                   A        B        C        D        E       F      G
               +--------+--------+--------+--------+--------+-----+--------+
         Total |   4059 |   4039 |     20 |    476 |   2507 |   4 | 1014.8 |
       Dungeon |   4059 |   4039 |     20 |    476 |   2507 |   4 | 1014.8 |
               +--------+--------+--------+--------+--------+-----+--------+

Top non-repeatable levels by time:
     D:1: 1465 daAuts
     D:3: 1173 daAuts
     D:2: 965 daAuts
     D:4: 455 daAuts
